 Dungeon Crawl Stone Soup version 0.30.0-29-ga12c61a403 (webtiles) character file.

Game seed: 1696495175314574429

292 safid the Chiller (level 6, -5/47 HPs)
             Began as a Merfolk Ice Elementalist on June 8, 2023.
             Was an Initiate of Vehumet.
             Killed by nerve-wracking pain
             ... invoked by Grinder
              (7 damage)
             ... on level 4 of the Dungeon.
             The game lasted 00:05:58 (2917 turns).

safid the Chiller (Merfolk Ice Elementalist)        Turns: 2917, Time: 00:05:59

Health: -5/47      AC: 19    Str:  8    XL:     6   Next: 33%
Magic:  16/20      EV: 12    Int: 23    God:    Vehumet [......]
Gold:   116        SH:  0    Dex: 14    Spells: 5/12 levels left

rFire   . . .        i - +2 short sword (protect)
rCold   . . .        (no shield)
rNeg    . . .        a - +0 robe
rPois   .            x - +0 helmet
rElec   .            w - +0 cloak
rCorr   .            p - +0 pair of gloves
SInv    .            (no boots)
Will    .....        f - amulet of the acrobat
Stlth   ++           k - ring of magical power
HPRegen 0.27/turn    q - +6 ring of intelligence
MPRegen 0.17/turn

%: acrobat
@: ice-armoured, under a protective aura
A: (nimble swimmer 2), mertail
a: Renounce Religion


You were on level 4 of the Dungeon.
You worshipped Vehumet.
Vehumet was noncommittal.
You visited 1 branch of the dungeon, and saw 4 of its levels.

You collected 116 gold pieces.

Inventory:

Hand Weapons
 i - a +2 short sword of protection (weapon)
Missiles
 t - a throwing net
Armour
 a - a +0 robe (worn)
 p - a +0 pair of gloves (worn)
 w - a +0 cloak (worn)
 x - a +0 helmet (worn)
Jewellery
 f - an amulet of the acrobat (around neck)
 k - a ring of magical power (left hand)
 q - a +6 ring of intelligence (right hand)
 u - a ring of wizardry
Wands
 y - a wand of roots (11)
Scrolls
 c - 5 scrolls of teleportation {unknown}
 g - a scroll of brand weapon {unknown}
 h - 6 scrolls of identify {unknown}
 l - a scroll of vulnerability {unknown}
 m - 2 scrolls of amnesia {unknown}
 n - a scroll of noise {unknown}
 s - a scroll of immolation {unknown}
Potions
 b - a potion of magic
 d - a potion of berserk rage {unknown}
 e - 2 potions of heal wounds {unknown}
 j - 3 potions of mutation {unknown}
 o - 3 potions of curing {unknown}
 r - a potion of degeneration {unknown}
 v - a potion of flight {unknown}


   Skills:
 + Level 3.6 Fighting
 - Level 2.6 Dodging
 - Level 2.1 Stealth
 + Level 3.7 Spellcasting
 + Level 5.9 Ice Magic


You had 5 spell levels left.
You knew the following spells:

 Your Spells              Type           Power      Damage    Failure   Level
a - Freeze                Ice            100%       1d10      1%          1
b - Frozen Ramparts       Ice            62%        1d10      2%          3
c - Ozocubu's Armour      Ice            31%        N/A       2%          3

Your spell library contained the following spells:

 Spells                   Type           Power      Damage    Failure   Level
 Kiss of Death            Conj/Necr      16%        2d6       11%         1
 Confusing Touch          Hex            4%         N/A       32%         3
 Ice Form                 Ice/Tmut       17%        N/A       32%         4
 Summon Ice Beast         Ice/Summ       17%        N/A       32%         4
 Dispel Undead            Necr           4%         3d7       71%         4


Dungeon Overview and Level Annotations

Branches:
Dungeon (4/15)
 Temple: D:4-7

Altars:
Ashenzari
Elyvilon
Fedhas
Kikubaaqudgha
Okawaru
Uskayaw
Vehumet
Yredelemnul

Shops:
D:3 (

Annotations:
D:4 Grinder


Innate Abilities, Weirdness & Mutations

((You are very nimble when in or above water. (Stealth+, EV+, Speed+++)))
Your lower body shifts to a powerful aquatic tail in water.


Message History

Grinder hits you but does no damage.
You barely miss Grinder.
Grinder is moderately wounded.
Grinder hits you.
You writhe in agony.
You hit Grinder.
Grinder is heavily wounded.
Grinder completely misses you.
You hit Grinder.
Grinder is heavily wounded.
Grinder blinks!
Unknown command.
Your icy armour starts to melt.
You barely miss Grinder.
Grinder is heavily wounded.
Grinder barely misses you.
You hit Grinder.
Your weapon exudes an aura of protection.
Grinder is heavily wounded.
Grinder hits you but does no damage.
You hit Grinder.
Grinder is severely wounded.
Grinder hits you.
You writhe in agony.
You hit Grinder.
Grinder is severely wounded.
Your icy armour evaporates.
Grinder gestures at you. Pain shoots through your body!
* * * LOW HITPOINT WARNING * * *
Unknown command.
Unknown command.
Unknown command.
Unknown command.
Unknown command.
Unknown command.
Casting: Frozen Ramparts (dangerous; 2% risk of failure)
Confirm with . or Enter, or press ? or * to list all spells.
A film of ice covers your body! Grinder gestures at you.
Pain shoots through your body!
You die...

#..##..##.#.#
..####..#...#....######
..####..#...#.........
#..##..##...#........
#......#....#.......
##....##....#......
.#....#.....#.....
........##+##...5#
....+......##...@#########
....#.......#....)........
....#.......#.............
....#.......#.............
....#...##.####........###
....#...##.####..........#
....#....'....#...........
+....#....#...........
#....#)...#...........


You could see Grinder.

Vanquished Creatures
  A scorpion (D:4)
  Ijyb (D:4)
  Robin (D:4)
  10 gnolls
  2 adders (D:4)
  3 orcs
  10 endoplasms
  3 giant cockroaches
  10 goblins
  10 hobgoblins
  2 quokkas (D:1)
  9 ball pythons
  9 bats
  A frilled lizard (D:3)
  4 kobolds
  5 rats
81 creatures vanquished.

Notes
Turn   | Place    | Note
-------+----------+-------------------------------------------
     0 | D:1      | safid the Merfolk Ice Elementalist began the quest for the
                  | Orb.
     0 | D:1      | Reached XP level 1. HP: 13/13 MP: 3/3
   206 | D:1      | Reached XP level 2. HP: 19/20 MP: 0/5
   220 | D:1      | Reached skill level 1 in Fighting
   542 | D:1      | Reached XP level 3. HP: 26/26 MP: 6/6
  1656 | D:3      | Reached skill level 5 in Ice Magic
  1656 | D:3      | Reached XP level 4. HP: 29/33 MP: 8/8
  1672 | D:3      | Learned a level 3 spell: Frozen Ramparts
  1676 | D:3      | Learned a level 3 spell: Ozocubu's Armour
  1796 | D:3      | Noticed a +0 hand axe
  1798 | D:3      | Noticed a +0 dagger
  1800 | D:3      | Found a hide-covered altar of Uskayaw.
  1950 | D:3      | Reached XP level 5. HP: 39/39 MP: 9/9
  2173 | D:3      | Found Cuixudov's Weapon Emporium.
  2506 | D:4      | Found a blossoming altar of Fedhas.
  2506 | D:4      | Found a basalt altar of Yredelemnul.
  2510 | D:4      | Found a radiant altar of Vehumet.
  2513 | D:4      | Found an iron altar of Okawaru.
  2515 | D:4      | Became a worshipper of Vehumet
  2516 | D:4      | Found a white marble altar of Elyvilon.
  2518 | D:4      | Found a broken altar of Ashenzari.
  2552 | D:4      | Found an ancient bone altar of Kikubaaqudgha.
  2745 | D:4      | Noticed Ijyb
  2758 | D:4      | Reached XP level 6. HP: 46/47 MP: 11/11
  2768 | D:4      | Killed Ijyb
  2773 | D:4      | Noticed Robin
  2781 | D:4      | Killed Robin
  2866 | D:4      | Noticed Grinder
  2867 | D:4      | Paralysed by Grinder for 5 turns
  2881 | D:4      | Paralysed by Grinder for 2 turns
  2892 | D:4      | Paralysed by Grinder for 3 turns
  2916 | D:4      | HP: 1/47 [Grinder/nerve-wracking pain (14)]
  2917 | D:4      | Killed from afar by Grinder

Illustrated notes

Levels and vault maps discovered:
D:1:      scummos_arrival_simple_crosswalls, layout_rooms
D:2:      layout_loops_cross, minmay_pentomino_pile
D:3:      layout_loops_corners, dancing_weapons_uskayaw, serial_shops,
          nicolae_shop_stone, roderic_serpentine_path,
          nicolae_kite_square_tiling_tiny
D:4:      layout_gridville, nicolae_overflow_hallway_of_the_gods,
          minmay_misc_feat_iff, st_stairs_6, corexii_hall_statues_i,
          nicolae_goblin_pals, uniq_grinder

Skill      XL: |  1  2  3  4  5 |
---------------+----------------+-----
Fighting       | 1 2 3 |  3.6
Ice Magic      | 5 |  5.9
Spellcasting   | 3 |  3.7
Dodging        | |  2.6
Stealth        | |  2.1

Action                     |  1- 3 |  4- 6 || total
---------------------------+-------+-------++-------
  Melee: Hand axe          |    20 |       ||    20
         Short sword       |    68 |   106 ||   174
         Punch             |       |     2 ||     2
   Cast: Freeze            |    29 |    17 ||    46
         Frozen Ramparts   |       |     6 ||     6
         Ozocubu's Armour  |       |     4 ||     4
   Stab: Sleeping          |     6 |     1 ||     7
 Armour: Robe              |    29 |    37 ||    66
  Dodge: Dodged            |   109 |    81 ||   190
